 Dungeon Crawl Stone Soup version 0.29.1-2-gbd0b4ee654 (webtiles) character file.

Game seed: 5920901717757837407

701 GeoRichter the Zephyrmancer (level 7, -2/36 HPs)
             Began as a Tengu Air Elementalist on Nov 7, 2022.
             Was a Priest of Ashenzari.
             Shot with an arrow by a centaur (3 damage)
             ... on level 5 of the Dungeon.
             The game lasted 00:12:08 (5923 turns).

GeoRichter the Zephyrmancer (TeAE)                  Turns: 5923, Time: 00:12:08

Health: -2/36      AC:  2    Str:  9    XL:     7   Next: 66%
Magic:  14/14      EV: 15    Int: 17    God:    Ashenzari [***...]
Gold:   249        SH:  0    Dex: 14    Spells: 7/14 levels left

rFire   . . .      SeeInvis +   b - +6 sling of Ashenzari's Gnosis {speed, rPois rC+, Cun, Fort} (curse)
rCold   + + .      Faith    .   (no shield)
rNeg    . . .      Spirit   .   n - +0 robe "Thunder Perfect Mind" {Range, Elem} (curse)
rPois   +          Reflect  .   (helmet restricted)
rElec   .          Harm     .   (no cloak)
rCorr   .          Rampage  .   (no gloves)
Will    .....      Clarity  +   (boots unavailable)
Stlth   ++........              v - amulet of the Bound Scepticism {RegenMP, Bglg, Alch} (curse)
HPRegen 0.12/turn               j - ring of the Fated Paranoia {rC+, Melee, Fort} (curse)
MPRegen 0.54/turn               (no ring)

@: flying quickly and evasively, quick
A: beak, talons 3, nimble flight
a: Renounce Religion, Shatter the Chains


You were on level 5 of the Dungeon.
You worshipped Ashenzari.
Ashenzari was most pleased with you.
You visited 1 branch of the dungeon, and saw 5 of its levels.
You also visited: Sewer.

You collected 249 gold pieces.

Inventory:

Hand Weapons
 a - a +3 dagger
   (You took it off a goblin on level 3 of the Dungeon)
 b - the cursed +6 sling of Ashenzari's Gnosis (weapon) {speed, rPois rC+, Cun, Fort}
   (You found it on level 3 of the Dungeon)

   Attacks with this weapon are significantly faster.
   rC:        It protects you from cold.
   rPois:     It protects you from poison.
   It has a curse which improves the following skills: Cunning: Dodging and
   Stealth.
   Fortitude: Armour and Shields.
Missiles
 t - a throwing net {!f}
Armour
 n - the cursed +0 robe "Thunder Perfect Mind" (worn) {Range, Elem}

   It has a curse which improves the following skills: Ranged Combat: Ranged
   Weapons and Throwing.
   Elements:  Fire Magic, Ice Magic, Air Magic and Earth Magic.
Jewellery
 j - the cursed ring of the Fated Paranoia (left hand) {rC+, Melee, Fort}
   (You found it on level 2 of the Dungeon)

   [ring of protection from cold]

   rC:        It protects you from cold.
   It has a curse which improves the following skills: Melee Combat: Short
   Blades, Long Blades, Axes, Maces & Flails, Polearms, Staves and Unarmed
   Combat.
   Fortitude: Armour and Shields.
 o - a ring of fire
   (You found it on level 3 of the Dungeon)
 s - a ring of magical power
   (You found it on level 4 of the Dungeon)
 v - the cursed amulet of the Bound Scepticism (around neck) {RegenMP, Bglg, Alch}
   (You took it off a gnoll sergeant on level 5 of the Dungeon)

   [amulet of magic regeneration]

   It increases your rate of magic regeneration.
   It has a curse which improves the following skills: Beguiling: Conjurations,
   Hexes and Translocations.
   Alchemy:   Poison Magic and Transmutations.
 w - a +6 ring of dexterity
   (You found it on level 5 of the Dungeon)
Wands
 k - a wand of polymorph (6)
   (You took it off Jessica on level 2 of the Dungeon)
Scrolls
 d - 2 scrolls of enchant armour
 f - a scroll of vulnerability {!r}
 h - a scroll of magic mapping
 l - 3 scrolls of blinking
 m - 4 scrolls of butterflies
 q - 3 scrolls of immolation {!r}
 r - a scroll of poison
 x - a scroll of teleportation {@r4}
Potions
 c - 2 potions of mutation {!q}
 e - a potion of lignification {!q}
 g - 2 potions of brilliance
 i - a potion of degeneration {!q}
 p - a potion of magic
 u - a potion of might
 z - a potion of resistance


   Skills:
 - Level 2.1(3.4) Dodging
 - Level 2.0(3.2) Stealth
 + Level 4.1 Spellcasting
 - Level 5.6(7.2) Conjurations
 * Level 8.4(10.1) Air Magic


You had 7 spell levels left.
You knew the following spells:

 Your Spells              Type           Power      Damage    Failure   Level
a - Shock                 Conj/Air       100%       1d9       1%          1
b - Static Discharge      Conj/Air       33%        3-8/arc   1%          2
c - Airstrike             Air            18%        2d(3-19)  2%          4

Your spell library contained the following spells:

 Spells                   Type           Power      Damage    Failure   Level
 Swiftness                Air            37%        N/A       1%          3
 Wereblood                Tmut           4%         N/A       22%         2
 Sublimation of Blood     Necr           3%         N/A       24%         2
 Summon Hydra             Summ           1%         N/A       100%        7


Dungeon Overview and Level Annotations

Branches:
Dungeon (5/15) Zot: 24707  Temple (0/1) D:4           Sewer (visited)

Altars:
Ashenzari

Shops:
D:4 ((=(

Annotations:
D:3 Grinder
D:4 2 runed translucent doors, Avanven's ghost, novice DsGl


Innate Abilities, Weirdness & Mutations

You have a beak for a mouth.
You have claws for feet.
Your magical nature lets you fly swiftly and evasively.


Message History

An orc comes into view. It is wielding a +0 club.
You shoot a sling bullet. The sling bullet hits the orc!
You kill the orc!
No target in view!
There is an escape hatch in the floor here.
Found a stone staircase leading down.
Found 11 gold pieces.
You now have 236 gold pieces (gained 11).
Found a stone staircase leading up.
Found 13 gold pieces.
Found a +6 ring of dexterity.
Ashenzari invites you to partake of a vision and a curse of beguiling and alchemy.
Okay, then.
Your amulet of magic regeneration glows black for a moment.
Ashenzari will now keep your mind clear.
You now have 249 gold pieces (gained 13).
w - a +6 ring of dexterity
Found 4 stones.
Found a +0 robe.
You see here a +0 robe.
You see here a +0 robe.
There is a stone staircase leading up here.
Found a +0 rapier.
You see here a +0 rapier.
Found a +0 ring mail.
You see here a +0 ring mail.
Found a scroll of teleportation.
Found a potion of resistance.
x - a scroll of teleportation {@r4}
z - a potion of resistance
There is a stone staircase leading down here.
Found a scroll of amnesia.
Found a scroll of blinking.
l - 3 scrolls of blinking (gained 1)
Found a +0 falchion.
A centaur comes into view.
The centaur shouts!
The centaur wields a +0 shortbow.
The centaur shoots an arrow.
The arrow misses you.
You shoot a sling bullet. The sling bullet hits the centaur.
You shoot a sling bullet. The sling bullet hits the centaur.
The centaur shoots an arrow.
The arrow hits you!
The centaur shoots an arrow.
The arrow barely misses you.
The centaur shoots an arrow.
The arrow hits you.
The centaur shoots an arrow.
The arrow hits you!
* * * LOW HITPOINT WARNING * * *
The centaur shoots an arrow.
The arrow hits you!
* * * LOW HITPOINT WARNING * * *
The centaur shoots an arrow.
The arrow hits you.
You die...

.#[..#..## #.....#.#
.~รท)~~...# ###.#.#.# ,
~~~~~~~#.# ####+#.# *,** ,
~~~)~~~..###......#, , ,
~~~.~~~....#......#,* ,
~~~~~~~..#........# * ***
... ~~~~~~~#.###......# ,
.... .~~~~~...###...).>#
** #....
.#..~#....##....@.#, ,,
... , ..........#####.#.#
* ... ###.....#.# #.#.#
#c#* * #######.#####.#.#
####..#
#......##.#.###....#
#######.####.##.#.##..####
.#...#..# #..#.#.##.##
...8...## ##.#...c...#
.#...### #..##.##..######


You could see a centaur.

Vanquished Creatures
  Pargi (Sewer)
  A black bear (D:4)
  A phantom (D:3)
  A gnoll sergeant (D:5)
  A hound (D:5)
  Terence (D:3)
  Jessica (D:2)
  An iguana (D:5)
  Robin (D:3)
  7 gnolls (D:5)
  8 adders
  A white imp (D:4)
  A worm (D:5)
  3 dart slugs
  12 orcs
  13 ball pythons
  5 endoplasms
  4 giant cockroaches
  14 goblins
  11 hobgoblins
  4 kobolds
  3 quokkas
  6 bats
  4 frilled lizards (Sewer)
  6 rats
111 creatures vanquished.

Vanquished Creatures (others)
  A demonic plant (D:2)
1 creature vanquished.

Grand Total: 112 creatures vanquished

Notes
Turn   | Place    | Note
-------+----------+-------------------------------------------
     0 | D:1      | GeoRichter the Tengu Air Elementalist began the quest for
                  | the Orb.
     0 | D:1      | Reached XP level 1. HP: 10/10 MP: 4/4
   233 | D:1      | Reached XP level 2. HP: 15/15 MP: 3/6
  1427 | D:2      | Reached XP level 3. HP: 19/19 MP: 5/7
  1807 | D:2      | Found a broken altar of Ashenzari.
  1852 | D:2      | Became a worshipper of Ashenzari the Shackled
  1888 | D:2      | Learned a level 2 spell: Static Discharge
  1986 | D:2      | Noticed Jessica
  2022 | D:2      | Killed Jessica
  2023 | D:2      | Reached skill level 5 in Air Magic
  2023 | D:2      | Reached XP level 4. HP: 24/24 MP: 6/8
  2028 | D:2      | Learned a level 4 spell: Airstrike
  2058 | D:2      | Found a faded altar of an unknown god.
  2058 | D:2      | Noticed a blizzard demon
  2419 | D:3      | Noticed Terence
  2445 | D:3      | Killed Terence
  2620 | D:3      | Noticed a phantom
  2626 | D:3      | Killed a phantom
  2627 | D:3      | Gained mutation: Your magical nature lets you fly swiftly
                  | and evasively. [Tengu growth]
  2627 | D:3      | Reached XP level 5. HP: 28/28 MP: 2/10
  2770 | D:3      | Noticed Grinder
  2856 | D:3      | Reached skill level 6 in Air Magic
  3043 | D:3      | HP: 1/28 [poisoned by an adder]
  3598 | D:3      | Identified the +6 sling of Jecyhoat {speed, rPois rC+}
  3745 | D:3      | Reached * piety under Ashenzari
  3778 | D:3      | Noticed Robin
  3793 | D:3      | Reached XP level 6. HP: 23/32 MP: 6/11
  3808 | D:3      | Killed Robin
  3813 | D:3      | Reached skill level 5 in Conjurations
  4240 | D:4      | Found Saul's Weapon Shoppe.
  4261 | D:4      | Found Widas's Jewellery Boutique.
  4301 | D:4      | Noticed a black bear
  4308 | D:4      | Killed a black bear
  4357 | D:4      | Found a large runed translucent door.
  4361 | D:4      | Found a large runed translucent door.
  4361 | D:4      | Noticed Avanven's ghost (novice DsGl)
  4422 | D:4      | Found Ojitaiwu's Weapon Boutique.
  4435 | D:4      | Reached ** piety under Ashenzari
  4494 | D:4      | Found a staircase to the Ecumenical Temple.
  4523 | D:4      | Found Ziesopeq's Antique Weapon Shoppe.
  4709 | D:5      | Entered Level 5 of the Dungeon
  4871 | D:5      | Reached skill level 7 in Air Magic
  4883 | D:5      | Found a glowing drain.
  4899 | D:5      | Reached XP level 7. HP: 34/36 MP: 10/13
  4912 | Sewer    | Entered a sewer
  5125 | Sewer    | Noticed Pargi
  5158 | Sewer    | Killed Pargi
  5450 | D:5      | Reached skill level 8 in Air Magic
  5734 | D:5      | Reached *** piety under Ashenzari
  5922 | D:5      | HP: 1/36 [centaur/arrow (7)]
  5923 | D:5      | Shot with an arrow by a centaur

Illustrated notes

Levels and vault maps discovered:
D:1:      shiori_arrival_oz, layout_loops_corners
D:2:      wander_river, layout_loops_ring, basic_altar,
          dreamdust_ecumenical_altar_sealed_demon, uniq_jessica
D:3:      kennysheep_six_static_rooms, layout_basic, uniq_robin, uniq_grinder,
          uniq_terence
D:4:      layout_rooms, minmay_temple_entry_stoned_glass, serial_shops, shop,
          nicolae_shop_bloodbath_and_beyond, nicolae_square_shop,
          nicolae_shop_behind_doors, ebering_ghost_disaster_area
D:5:      layout_basic, cheibrodos_sewer_entry_drain,
          minmay_misc_feat_four_crosses

Skill      XL: |  1  2  3  4  5  6  7 |
---------------+----------------------+-----
Conjurations   | 2 3 4 5 |  5.6
Air Magic      | 5 6 7 8 |  8.4
Spellcasting   | 3 4 |  4.1
Dodging        | |  2.1
Stealth        | |  2.0

Action                   |  1- 3 |  4- 6 |  7- 9 || total
-------------------------+-------+-------+-------++-------
Melee: Dagger            |     6 |     1 |       ||     7
       Peck              |     1 |       |       ||     1
       Kick              |     1 |       |       ||     1
 Fire: Sling             |       |    88 |    39 ||   127
 Cast: Shock             |    65 |    47 |       ||   112
       Static Discharge  |       |     7 |     9 ||    16
Invok: Curse Item        |       |     3 |     1 ||     4
Armor: Robe              |       |     1 |     1 ||     2
Dodge: Dodged            |     5 |    19 |    10 ||    34
